 Dungeon Crawl Stone Soup version 0.29-a0-323-g050149af67 (webtiles) character file.

Game seed: 4881148792278144874

5033 Gwenloh the Skirmisher (level 10, -5/80 HPs)
             Began as a Human Fighter on Apr 11, 2022.
             Was a Follower of the Shining One.
             Slain by a two-headed ogre
             ... wielding a +0 giant club
              (16 damage)
             ... on level 8 of the Dungeon.
             The game lasted 00:27:48 (10679 turns).

Gwenloh the Skirmisher (Human Fighter)             Turns: 10679, Time: 00:27:48

Health: -5/80      AC: 15    Str: 16    XL:     10   Next: 85%
Magic:  14/14      EV:  9    Int:  8    God:    the Shining One [*.....]
Gold:   582        SH:  5    Dex: 18    Spells: 9/9 levels left

rFire   . . .      SeeInvis +   a - +0 long sword
rCold   . . .      Faith    .   c - +0 buckler
rNeg    . . .      Spirit   .   m - +0 scale mail
rPois   .          Reflect  .   w - +0 helmet
rElec   .          Harm     .   y - +2 cloak
rCorr   .          Rampage  .   r - +0 pair of gloves
Will    +....                   g - +0 pair of boots
Stlth   ..........              d - amulet of the acrobat
HPRegen 0.23/turn               o - ring of see invisible
MPRegen 0.14/turn               C - ring of willpower

@: glowing, studying Necromancy
A: no striking features
a: Renounce Religion, Divine Shield


You were on level 8 of the Dungeon.
You worshipped the Shining One.
The Shining One was aware of your devotion.
You visited 2 branches of the dungeon, and saw 9 of its levels.

You collected 582 gold pieces.

Inventory:

Hand Weapons
 a - a +0 long sword (weapon)
 b - a +0 hand crossbow
 k - a +0 hunting sling
Missiles
 j - 219 stones (quivered)
Armour
 c - a +0 buckler (worn)
 g - a +0 pair of boots (worn)
 m - a +0 scale mail (worn)
 r - a +0 pair of gloves (worn)
 w - a +0 helmet (worn)
 y - a +2 cloak (worn)
Jewellery
 d - an amulet of the acrobat (around neck)
 o - a ring of see invisible (left hand)
 C - a ring of willpower (right hand)
 H - a ring of flight
 I - a +6 ring of dexterity
Wands
 F - a wand of flame (14)
 G - a wand of polymorph (8)
Scrolls
 f - a scroll of blinking
 h - 2 scrolls of teleportation
 p - 3 scrolls of enchant weapon
 t - 3 scrolls of amnesia
 v - 4 scrolls of magic mapping
 A - a scroll of summoning {unknown}
 B - 2 scrolls of fear {unknown}
Potions
 e - 2 potions of resistance {unknown}
 i - 3 potions of mutation
 l - 2 potions of attraction {unknown}
 n - a potion of berserk rage {unknown}
 q - 2 potions of flight {unknown}
 s - 5 potions of brilliance {unknown}
 u - a potion of cancellation {unknown}
 x - a potion of heal wounds {unknown}
 z - a potion of lignification {unknown}
 D - 2 potions of degeneration {unknown}
 E - a potion of curing


   Skills:
 + Level 7.9 Fighting
 - Level 7.4(8.4) Short Blades
 + Level 6.0(7.7) Long Blades
 + Level 7.9 Armour
 - Level 4.0 Shields
 + Level 6.1 Invocations


You had 9 spell levels left.
You didn't know any spells.
Your spell library contained the following spells:

 Spells                   Type           Power      Damage    Failure   Level
 Foxfire                  Conj/Fire      0%         2x1d4     86%         1
 Magic Dart               Conj           0%         1d3       86%         1
 Ensorcelled Hibernation  Hex/Ice        0%         N/A       95%         2
 Searing Ray              Conj           0%         2d4       95%         2
 Conjure Flame            Conj/Fire      0%         6-21      99%         3
 Ignite Poison            Fire/Tmut/Pois 0%         N/A       99%         3
 Inner Flame              Hex/Fire       0%         N/A       99%         3
 Mephitic Cloud           Conj/Pois/Air  0%         N/A       99%         3
 Spider Form              Tmut/Pois      0%         N/A       99%         3
 Anguish                  Hex/Necr       0%         N/A       100%        4
 Flame Wave               Conj/Fire      0%         2d4       100%        4
 Fulminant Prism          Conj/Hex       0%         3d6       100%        4
 Freezing Cloud           Conj/Ice/Air   0%         6-21      100%        5
 Malign Gateway           Summ/Tloc      0%         N/A       100%        7
 Summon Horrible Things   Summ           0%         N/A       100%        8


Dungeon Overview and Level Annotations

Branches:
Dungeon (8/15)             Temple (1/1) D:4
   Lair: D:8-11

Altars:
Ashenzari
Dithmenos
Elyvilon
Fedhas
Gozag
Hepliaklqana
Kikubaaqudgha
Makhleb
Nemelex Xobeh
Okawaru
Qazlal
Ru
Sif Muna
Trog
Vehumet
Wu Jian
Xom
Yredelemnul
Zin
The Shining One

Shops:
D:2 =


Message History

Aim: a two-headed ogre, wielding a +0 giant club and a +0 giant spiked club (moderately wounded, 85% to hit)
The puff of flame hits the two-headed ogre.
The two-headed ogre is moderately wounded.
Aiming: Throw Flame
Press: ? - help, Shift-Dir - straight line, f/p - two-headed ogre
Aim: a two-headed ogre, wielding a +0 giant club and a +0 giant spiked club (moderately wounded, 85% to hit)
The puff of flame hits the two-headed ogre.
The two-headed ogre is heavily wounded.
You hit the two-headed ogre.
The two-headed ogre is heavily wounded.
The two-headed ogre completely misses you.
The two-headed ogre barely misses you.
You hit the two-headed ogre.
The two-headed ogre is heavily wounded.
The two-headed ogre barely misses you.
The two-headed ogre hits you with a +0 giant spiked club!!
You hear a shout!
You hit the two-headed ogre but do no damage.
The two-headed ogre is heavily wounded.
You hit the two-headed ogre but do no damage.
The two-headed ogre is heavily wounded.
The two-headed ogre hits you with a +0 giant club!
The two-headed ogre hits you with a +0 giant spiked club.
You hit the two-headed ogre.
The two-headed ogre is severely wounded.
The two-headed ogre hits you with a +0 giant club!!
You block the two-headed ogre's attack.
You are too injured to fight recklessly!
You hit the two-headed ogre.
The two-headed ogre is severely wounded.
You slash the two-headed ogre!
The two-headed ogre is severely wounded.
You block the two-headed ogre's attack.
The two-headed ogre hits you with a +0 giant spiked club!
* * * LOW HITPOINT WARNING * * *
You slash the two-headed ogre!
The two-headed ogre is almost dead.
You block the orc priest's attack.
The two-headed ogre hits you with a +0 giant club!
You die...

.......#..####
##.....#.....##. .# #..
##.....#...#.##.#.# .. .
.+.....'............. ..
##.....##.#...#.#.#(#...
.'....)............(....
##............#.#......#
........<.......#O..#...
###......##.....@.......
##...#........o...#...
#...#######†#.##.#
####†.............# #
...)..########.###....
#####.# #... ....
......# ####......
.###### ..... .# ....


You could see a two-headed ogre and an orc priest.

Vanquished Creatures
  Pikel (D:4)
  Grinder (D:6)
  Sigmund (D:5)
  Eustachio (D:4)
  2 yaks (D:7)
  Edmund (D:4)
  A water moccasin (D:6)
  Duvessa (D:6)
  An orc warrior (D:7)
  6 black bears
  4 ice beasts
  2 sky beasts
  3 ogres (D:5)
  A centaur (D:6)
  A phantom (D:4)
  4 bullfrogs
  A necrophage (D:7)
  5 wights
  Dowan (D:6)
  12 killer bees
  4 hounds
  2 jellies
  An orc priest (D:8)
  Crazy Yiuf (D:6)
  A gnoll shaman (D:5)
  6 iguanas
  4 orc wizards (D:7)
  Robin (D:4)
  4 gnolls
  6 adders
  A white imp (D:7)
  A dart slug (D:2)
  26 orcs
  2 endoplasms
  A giant cockroach (D:4)
  21 goblins
  6 hobgoblins
  6 quokkas
  14 ball pythons
  6 bats
  2 frilled lizards
  11 kobolds
  5 rats
182 creatures vanquished.

Notes
Turn   | Place    | Note
-------+----------+-------------------------------------------
     0 | D:1      | Gwenloh the Human Fighter began the quest for the Orb.
     0 | D:1      | Reached XP level 1. HP: 18/18 MP: 1/1
   218 | D:1      | Reached XP level 2. HP: 24/24 MP: 2/2
   481 | D:1      | Found a faded altar of an unknown god.
   938 | D:1      | Reached XP level 3. HP: 29/29 MP: 3/3
  1169 | D:2      | Reached skill level 1 in Short Blades
  1234 | D:2      | Reached XP level 4. HP: 12/35 MP: 4/4
  1448 | D:2      | Found Xuiph's Jewellery Boutique.
  2215 | D:3      | You fall into a shaft and drop 1 floor!
  2708 | D:3      | Reached XP level 5. HP: 41/41 MP: 5/5
  2872 | D:4      | Noticed Pikel
  2872 | D:4      | Noticed a lemure
  2872 | D:4      | Noticed a lemure
  2872 | D:4      | Noticed a lemure
  3245 | D:4      | Noticed Edmund
  3404 | D:4      | Noticed Robin
  3458 | D:4      | Killed Robin
  3546 | D:4      | Found a staircase to the Ecumenical Temple.
  3555 | Temple   | Entered the Ecumenical Temple
  3613 | Temple   | Became a worshipper of the Shining One
  3852 | D:4      | Noticed a lemure
  3866 | D:4      | Killed Pikel
  3867 | D:4      | Reached skill level 5 in Short Blades
  3867 | D:4      | Reached XP level 6. HP: 41/50 MP: 6/6
  3867 | D:4      | Reached XP level 7. HP: 45/55 MP: 7/7
  4185 | D:4      | Killed Edmund
  4186 | D:4      | Reached skill level 5 in Fighting
  4186 | D:4      | Reached skill level 5 in Armour
  4186 | D:4      | Reached XP level 8. HP: 59/62 MP: 8/8
  4504 | D:5      | Entered Level 5 of the Dungeon
  5020 | D:5      | Noticed Eustachio
  5440 | D:5      | Reached skill level 1 in Invocations
  5476 | D:5      | Noticed Sigmund
  5509 | D:5      | Killed Sigmund
  5572 | D:5      | Reached XP level 9. HP: 41/69 MP: 10/10
  6167 | D:4      | Killed Eustachio
  7394 | D:6      | Reached * piety under the Shining One
  7595 | D:6      | Found a runed translucent door.
  7598 | D:6      | Noticed Crazy Yiuf
  7800 | D:6      | Reached XP level 10. HP: 67/77 MP: 11/13
  8023 | D:6      | Found a burning altar of Makhleb.
  8114 | D:6      | Found a bloodstained altar of Trog.
  8129 | D:6      | Noticed Dowan
  8131 | D:6      | Noticed Duvessa
  8314 | D:6      | Noticed Grinder
  8333 | D:6      | Killed Grinder
  8334 | D:6      | Reached skill level 5 in Long Blades
  8334 | D:6      | Reached skill level 5 in Invocations
  8374 | D:6      | Killed Duvessa
  8384 | D:6      | Killed Dowan
  8525 | D:6      | Killed Crazy Yiuf
  8533 | D:6      | Identified the +8 mace of Yesterday {protect, Fragile rF+++
                  | rC- Str+5}
 10665 | D:8      | Noticed a two-headed ogre
 10679 | D:8      | Slain by a two-headed ogre

Illustrated notes

Levels and vault maps discovered:
D:1:      dpeg_arrival_boxes_within_box, layout_loops_ring,
          hellmonk_ecumenical_altar_blasted
D:2:      layout_loops_cross, serial_shops, shop
D:3:      layout_basic, roderic_roman_lattice
D:4:      layout_loops_corners, minmay_temple_entry_statues_fountains,
          supply_closet_lemuel, uniq_edmund, uniq_robin, uniq_pikel
D:5:      corexii_shack_village, layout_gridville, uniq_eustachio, uniq_sigmund
D:6:      layout_cave_pools, kennysheep_mini_moat, bloody_makhleb,
          minmay_manual_mess, uniq_grinder, uniq_duvessa,
          uniq_crazy_yiuf_cottage
D:7:      layout_cave_pools, serial_column_ruins, column_ruins_open_tiny_water,
          column_ruins_open_small_water, column_ruins_columns_straight,
          column_ruins_corridor_dead_end
D:8:      layout_basic
Temple:   compressed_dpeg_circular_temple

Skill      XL: |  1  2  3  4  5  6  7  8  9 10 |
---------------+-------------------------------+-----
Shields        | 4 |  4.0
Short Blades   | 1 2 5 6 7 |  7.4
Fighting       | 4 5 6 7 |  7.9
Armour         | 4 5 6 7 |  7.9
Invocations    | 1 4 6 |  6.1
Long Blades    | 4 6 |  6.0

Action                   |  1- 3 |  4- 6 |  7- 9 | 10-12 || total
-------------------------+-------+-------+-------+-------++-------
Melee: Long sword        |    85 |   107 |   280 |   261 ||   733
 Fire: Hunting sling     |    27 |    75 |    26 |       ||   128
       Hand crossbow     |       |       |    21 |    39 ||    60
Throw: Stone             |    21 |    11 |    19 |    35 ||    86
Invok: Divine Shield     |       |       |     2 |     6 ||     8
Evoke: Wand              |       |     5 |     6 |     9 ||    20
  Use: Scroll            |       |     5 |     3 |       ||     8
       Potion            |       |     1 |       |     1 ||     2
Armor: Scale mail        |    62 |    70 |   235 |   140 ||   507
Dodge: Dodged            |    45 |    48 |   205 |   136 ||   434
Block: Buckler           |    25 |    51 |   138 |   129 ||   343

Table legend: (Time is in decaauts)
 A = Elapsed time spent in this place.
 B = Non-inter-level travel time spent in this place.
 C = Inter-level travel time spent in this place.
 D = Time resting spent in this place.
 E = Time spent auto-exploring this place.
 F = Levels seen in this place.
 G = Mean time per level.
                   A        B        C        D        E       F      G
               +--------+--------+--------+--------+--------+-----+--------+
         Total |  10914 |  10483 |    431 |   1462 |   6494 |   9 | 1212.7 |
       Dungeon |  10839 |  10423 |    416 |   1462 |   6457 |   8 | 1354.9 |
        Temple |     74 |     59 |     15 |      0 |     37 |   1 |   74.0 |
               +--------+--------+--------+--------+--------+-----+--------+

Top non-repeatable levels by time:
     D:4: 2304 daAuts
     D:5: 2152 daAuts
     D:7: 1701 daAuts
     D:6: 1189 daAuts
     D:2: 1078 daAuts
     D:1: 1017 daAuts
     D:3: 942 daAuts
     D:8: 453 daAuts
  Temple: 74 daAuts
